 Dungeon Crawl Stone Soup version 0.23-a0-143-g1adec7b (webtiles) character file.

196 mopl the Poker (level 5, -9/41 HPs)
             Began as a Merfolk Abyssal Knight on Sept 5, 2018.
             Was a Believer of Lugonu.
             Mangled by an ogre
             ... wielding a +0 giant club
              (24 damage)
             ... on level 4 of the Dungeon.
             The game lasted 00:03:36 (3508 turns).

mopl the Poker (Merfolk Abyssal Knight)             Turns: 3508, Time: 00:03:37

Health: -9/41      AC:  7    Str: 13    XL:     5   Next: 74%
Magic:  16/16      EV: 11    Int: 11    God:    Lugonu [**....]
Gold:   22         SH:  0    Dex: 14    Spells: 4/4 levels left

rFire    . . .     SeeInvis .   b - +0 halberd
rCold    . . .     Gourm    .   (shield currently unavailable)
rNeg     . . .     Faith    .   f - +0 ring mail (curse)
rPois    .         Spirit   .   l - +1 helmet
rElec    .         Reflect  .   (no cloak)
rCorr    .         Harm     .   (no gloves)
MR       .....                  (no boots)
Stlth    ++........             (no amulet)
HPRegen  0.13/turn              d - ring of stealth
MPRegen  0.15/turn              n - ring of magical power

@: no status effects
A: change form in water, swift swim, stealthy swim
a: Depart the Abyss, Bend Space, Renounce Religion


You were on level 4 of the Dungeon.
You worshipped Lugonu.
Lugonu was pleased with you.
You were not hungry.

You visited 1 branch of the dungeon, and saw 4 of its levels.
You visited the Abyss 1 time.

You collected 22 gold pieces.

Inventory:

Hand Weapons
 a - a +1 spear
 b - a +0 halberd (weapon)
Armour
 f - a cursed +0 ring mail (worn)
 l - a +1 helmet (worn)
Jewellery
 d - a ring of stealth (left hand)
 n - a ring of magical power (right hand)
Scrolls
 e - 4 scrolls of teleportation {unknown}
 g - 2 scrolls of remove curse {unknown}
 h - 3 scrolls of identify {unknown}
 j - a scroll of magic mapping {unknown}
 k - a scroll of blinking {unknown}
 m - a scroll of fog {unknown}
Potions
 i - 2 potions of curing {unknown}
 p - a potion of brilliance {unknown}
 q - a potion of berserk rage {unknown}
Comestibles
 c - 4 rations


   Skills:
 - Level 3.2 Fighting
 * Level 7.1 Polearms
 - Level 0.6 Armour
 - Level 2.6 Dodging
 + Level 3.8 Invocations


You had 4 spell levels left.
You didn't know any spells.
Your spell library was empty.

Dungeon Overview and Level Annotations

Branches:
Dungeon (4/15)
 Temple: D:4-7

Altars:
The Shining One

Shops:
D:4 (


Message History

Press: ? - help, Dir - move target cursor, f - ogre
Aim: an ogre, wielding a giant club You reach to attack!
You puncture the ogre!
The ogre is moderately wounded.
You hit the ogre.
The ogre is moderately wounded.
The ogre completely misses you.
You slash the ogre!
The ogre is severely wounded.
The ogre hits you with a giant club!
You closely miss the ogre.
The ogre is severely wounded.
The ogre hits you with a giant club!
You are too injured to fight recklessly!
You are too injured to fight recklessly!
You slash the ogre!
The ogre is almost dead.
The ogre hits you with a giant club!!
Ouch! That really hurt!
You die...

#.# #.# #$. #.# #.# #.#
#.## #.O# ##@# #.# #.#
#######.###.#
#.8..∩..8.#.#
#.#####.#...######
#.#####.###.##.))#######
#...........##.#<.......
##.####.##..##...#######
#.##..###.##


You could see an ogre.

Vanquished Creatures
  Robin (D:2)
  7 gnolls
  3 adders
  An adder skeleton (D:4)
  A worm (D:4)
  4 dart slugs (D:1)
  2 leopard geckos (D:3)
  3 ball pythons
  7 giant cockroaches
  13 goblins
  10 hobgoblins
  3 quokkas
  8 bats
  2 frilled lizards (D:2)
  4 kobolds
  6 rats
75 creatures vanquished.

Notes
Turn   | Place    | Note
-------+----------+-------------------------------------------
     0 | Abyss:1  | mopl the Merfolk Abyssal Knight began the quest for the
                  | Orb.
     0 | Abyss:1  | Reached XP level 1. HP: 18/18 MP: 2/2
     1 | Abyss:1  | Found a corrupted altar of Lugonu.
   129 | Abyss:1  | Noticed a ynoxinul
   130 | D:1      | Escaped the Abyss
   349 | D:1      | Reached XP level 2. HP: 24/24 MP: 3/3
   421 | D:1      | Reached * piety under Lugonu
   421 | D:1      | Reached skill level 4 in Polearms
   953 | D:1      | Reached XP level 3. HP: 29/29 MP: 4/4
  1400 | D:2      | Reached skill level 5 in Polearms
  1456 | D:2      | Found a glowing golden altar of the Shining One.
  1518 | D:2      | Reached skill level 3 in Invocations
  1518 | D:2      | Reached XP level 4. HP: 20/35 MP: 6/6
  1604 | D:2      | Noticed Robin
  1612 | D:2      | Killed Robin
  1612 | D:2      | Reached ** piety under Lugonu
  2295 | D:3      | Reached skill level 6 in Polearms
  2945 | D:3      | Reached XP level 5. HP: 41/41 MP: 7/7
  3474 | D:4      | Reached skill level 7 in Polearms
  3493 | D:4      | Found Umoaf's Antique Weapon Boutique.
  3499 | D:4      | Noticed an ogre
  3508 | D:4      | Mangled by an ogre

Vault maps used:
D:1:      zaba_arrival_water
D:2:      nicolae_tso_carved_into_rock, uniq_robin
D:3:      first_ration, kennysheep_decorative_pillar, columned_hall_lemuel,
          corner_web_ring
D:4:      minmay_temple_entry_glass, serial_shops, shop_statue
Abyss:1:  evilmike_abyss_exit_16, evilmike_abyss_exit_8

Skill      XL: |  1  2  3  4  5 |
---------------+----------------+-----
Polearms       | 4 5 6 7 |  7.1
Invocations    | 3 |  3.8
Fighting       | |  3.2
Armour         | |  0.6
Dodging        | |  2.6

Action                   |  1- 3 |  4- 6 || total
-------------------------+-------+-------++-------
Melee: Spear             |   144 |   115 ||   259
       Halberd           |       |    30 ||    30
Invok: Depart the Abyss  |     1 |       ||     1
 Stab: Sleeping          |     6 |     2 ||     8
  Eat: Chunk             |     2 |     6 ||     8
Armor: Leather armour    |     6 |       ||     6
       Ring mail         |    37 |    20 ||    57
Dodge: Dodged            |    69 |    66 ||   135

Table legend:
 A = Non-vault XP
 B = Vault XP
 C = Vault XP percentage of total XP
 D = Non-vault monster count
 E = Vault monster count
 F = Vault count percentage of total count
                 A         B        C        D         E       F
            +---------+---------+-------+---------+---------+-------
      Total |     242 |      38 |  13.6 |      62 |      13 |  17.3
            +---------+---------+-------+---------+---------+-------
        D:1 |      47 |       0 |   0.0 |      24 |       0 |   0.0
        D:2 |      38 |      38 |  50.0 |      18 |      13 |  41.9
        D:3 |      89 |       0 |   0.0 |      14 |       0 |   0.0
        D:4 |      68 |       0 |   0.0 |       6 |       0 |   0.0
            +---------+---------+-------+---------+---------+-------
